 Dungeon Crawl Stone Soup version 0.27.0-1-g7a089689b8 (webtiles) character file.

Game seed: 386423889420581586

1481 pkoi the Carver (level 8, -10/70 HPs)
             Began as a Minotaur Gladiator on Aug 11, 2021.
             Was an Initiate of Gozag.
             Mangled by an orc warrior (14 damage)
             ... on level 5 of the Dungeon.
             The game lasted 00:06:56 (5896 turns).

pkoi the Carver (Minotaur Gladiator)                Turns: 5896, Time: 00:06:57

Health: -10/70     AC: 11    Str: 28    XL:     8   Next: 50%
Magic:  7/7        EV: 10    Int:  5    God:    Gozag
Gold:   664        SH:  0    Dex: 11    Spells: 7/7 levels left

rFire    . . .     SeeInvis .   a - +0 long sword
rCold    + . .     Faith    .   (no shield)
rNeg     . . .     Spirit   .   o - +0 chain mail
rPois    .         Reflect  .   c - +0 hat
rElec    .         Harm     .   (no cloak)
rCorr    .         Rampage  .   (no gloves)
Will     .....                  s - +0 pair of boots
Stlth    ..........             (no amulet)
HPRegen  0.21/turn              f - +6 ring of strength
MPRegen  0.10/turn              h - ring of protection from cold

@: confused
A: horns 2, retaliatory headbutt
a: Renounce Religion, Potion Petition, Call Merchant, Bribe Branch


You were on level 5 of the Dungeon.
You worshipped Gozag.
Gozag was pleased with you.
You visited 2 branches of the dungeon, and saw 6 of its levels.

You collected 664 gold pieces.

Inventory:

Hand Weapons
 a - a +0 long sword (weapon)
 l - a +0 dagger of venom
Missiles
 d - 4 throwing nets (quivered)
Armour
 c - a +0 hat (worn)
 o - a +0 chain mail (worn)
 s - a +0 pair of boots (worn)
Jewellery
 f - a +6 ring of strength (left hand)
 h - a ring of protection from cold (right hand)
 t - a +6 ring of dexterity
Wands
 b - a wand of flame (7)
 r - a wand of acid (11)
Scrolls
 g - 2 scrolls of identify
 i - a scroll of blinking
Potions
 e - 2 potions of cancellation
 j - 3 potions of might
 k - 2 potions of heal wounds
 p - a potion of lignification {unknown}
 q - a potion of attraction {unknown}
 v - a potion of mutation


   Skills:
 + Level 5.8 Fighting
 * Level 8.8 Long Blades
 - Level 2.0 Throwing
 + Level 5.0 Armour
 + Level 5.7 Dodging
 + Level 2.4 Stealth


You had 7 spell levels left.
You didn't know any spells.
Your spell library was empty.

Dungeon Overview and Level Annotations

Branches:
Dungeon (5/15)             Temple (1/1) D:4

Altars:
Ashenzari
Dithmenos
Fedhas
Gozag
Kikubaaqudgha
Nemelex Xobeh
Qazlal
Trog
Uskayaw
Wu Jian
Xom
Yredelemnul
The Shining One

Annotations:
D:2 Sigmund
D:3 3 runed translucent doors, Sin92's ghost, amateur DsFi


Innate Abilities, Weirdness & Mutations

You have a pair of horns on your head.
You reflexively headbutt those who attack you in melee.


Message History

The gnoll hits you but does no damage.
The kobold brigand zaps a wand.
Your will is overpowered!
You are confused.
A gnoll comes into view. It is wielding a +0 club.
The orc warrior struggles against the net.
You feel better. The gnoll hits you but does no damage.
The kobold brigand zaps a wand.
Your will is overpowered!
You are confused.
The orc warrior struggles against the net.
The net rips apart, and the orc warrior comes free!
You're too confused to move!
The gnoll hits you but does no damage. The shadow imp gestures at you.
Pain shoots through your body!
* * * LOW HITPOINT WARNING * * *
The kobold brigand zaps a wand.
Your will is overpowered!
You are more confused.
The gnoll hits you but does no damage.
Unknown command.
The shadow imp hits you but does no damage.
The gnoll closely misses you.
You're too confused to move!
The gnoll closely misses you. The shadow imp misses you.
The gnoll closely misses you. The gnoll misses you.
You're too confused to move!
The gnoll misses you. The shadow imp gestures at you.
Pain shoots through your body!
* * * LOW HITPOINT WARNING * * *
The gnoll hits you with a +0 club.
* * * LOW HITPOINT WARNING * * *
The gnoll hits you from afar with a +0 spear.
* * * LOW HITPOINT WARNING * * *
Unknown command.
Unknown command.
The gnoll barely misses you. The shadow imp closely misses you.
The gnoll hits you from afar with a +0 spear.
* * * LOW HITPOINT WARNING * * *
Okay, then.
You're too confused to move!
The gnoll barely misses you.
The orc warrior hits you with a +0 flail!
You die...
Your body crumbles into a pile of gold.

#. #.#>............... #.
#.#.............### #.
#.#.......).....'.. #.
#)##......).....### # #.
#.##......).....# #.#.
#.##.......)....# ##
#...##.##............##
#...######?g................#
#....$$..'.go@.############.##
#...#§.§§§§K5g.# #..# #.
#.§§§§#....# ##.# ##§§§##....#
#.# #§§§#.....# #..
#§§§#.....# ### #§K§#.....# #
#§§§####### # #


You could see an orc warrior, a kobold brigand, 3 gnolls and a shadow imp.

Vanquished Creatures
  Grinder (D:5)
  Eustachio (D:4)
  Edmund (D:5)
  Menkaure (D:4)
  A water moccasin (D:5)
  A necrophage (D:5)
  A phantom (D:5)
  A wyvern zombie (D:5)
  A scorpion (D:5)
  A water moccasin skeleton (D:4)
  A bullfrog zombie (D:5)
  3 jellies
  A bullfrog skeleton (D:4)
  3 orc wizards
  Robin (D:4)
  7 gnolls
  A howler monkey skeleton (D:4)
  6 adders
  A white imp (D:5)
  An adder skeleton (D:2)
  A worm (D:3)
  2 dart slugs
  10 orcs
  3 bats
  9 endoplasms
  2 giant cockroaches (D:2)
  19 goblins
  7 hobgoblins
  6 jackals
  4 kobolds
  5 quokkas
  12 ball pythons
  2 frilled lizards (D:1)
  4 rats
121 creatures vanquished.

Vanquished Creatures (others)
  An orc (D:5)
1 creature vanquished.

Grand Total: 122 creatures vanquished

Notes
Turn   | Place    | Note
-------+----------+-------------------------------------------
     0 | D:1      | pkoi the Minotaur Gladiator began the quest for the Orb.
     0 | D:1      | Reached XP level 1. HP: 18/18 MP: 0/0
   292 | D:1      | Reached skill level 4 in Long Blades
   540 | D:1      | Reached XP level 2. HP: 20/25 MP: 1/1
  1396 | D:2      | Reached XP level 3. HP: 29/30 MP: 2/2
  1577 | D:2      | Noticed Sigmund
  1870 | D:2      | Reached skill level 1 in Armour
  2225 | D:3      | Found a faded altar of an unknown god.
  2418 | D:3      | Reached skill level 5 in Long Blades
  2657 | D:3      | Became a worshipper of Gozag Ym Sagoz the Greedy
  2670 | D:3      | Reached XP level 4. HP: 37/37 MP: 3/3
  2740 | D:3      | Found a runed translucent gate.
  2740 | D:3      | Found a runed translucent gate.
  2740 | D:3      | Found a runed translucent gate.
  2741 | D:3      | Found an opulent altar of Gozag.
  2742 | D:3      | Noticed Sin92's ghost (amateur DsFi)
  3321 | D:4      | Found a staircase to the Ecumenical Temple.
  3349 | D:4      | Found an ornate altar of the Wu Jian Council.
  3354 | D:4      | Noticed a spectral centipede
  3354 | D:4      | Noticed a spectral black mamba
  3354 | D:4      | Noticed a spectral cane toad
  3417 | D:4      | Reached XP level 5. HP: 36/45 MP: 4/4
  3439 | Temple   | Entered the Ecumenical Temple
  3688 | D:4      | Noticed Menkaure
  3694 | D:4      | Killed Menkaure
  3695 | D:4      | Reached skill level 6 in Long Blades
  3695 | D:4      | Reached XP level 6. HP: 47/52 MP: 5/5
  3704 | D:4      | Noticed Eustachio
  3724 | D:4      | Killed Eustachio
  3851 | D:4      | Found a blossoming altar of Fedhas.
  4062 | D:4      | Noticed Robin
  4078 | D:4      | Reached XP level 7. HP: 60/60 MP: 6/6
  4080 | D:4      | Killed Robin
  4081 | D:4      | Reached skill level 7 in Long Blades
  4183 | D:4      | Found an opulent altar of Gozag.
  4670 | D:5      | Entered Level 5 of the Dungeon
  4803 | D:5      | Noticed Grinder
  4807 | D:5      | Paralysed by Grinder for 3 turns
  4816 | D:5      | Killed Grinder
  4817 | D:5      | Reached skill level 5 in Fighting
  4817 | D:5      | Reached skill level 5 in Dodging
  4817 | D:5      | Reached skill level 1 in Stealth
  4975 | D:5      | Found the ring of the Octopus King
  5330 | D:5      | Reached skill level 8 in Long Blades
  5330 | D:5      | Reached XP level 8. HP: 68/68 MP: 7/7
  5399 | D:5      | HP: 3/69 [poisoned by a water moccasin]
  5544 | D:5      | Noticed Edmund
  5687 | D:5      | Killed Edmund
  5830 | D:5      | Reached skill level 5 in Armour
  5896 | D:5      | Mangled by an orc warrior

Illustrated notes

Levels and vault maps discovered:
D:1:      roderic_crossed_star, layout_basic
D:2:      layout_loops_corners, uniq_sigmund
D:3:      layout_loops_corners, shapermc_ecumenical_altar_totnotflames,
          ebering_ghost_gozag, minmay_goblin_outpost
D:4:      layout_loops_ring, overflow_temple_1_default,
          mainiacjoe_overflow_alcove_2, pdpol_wu_jian_five_deadly_venoms,
          minmay_temple_entry_slanted, uniq_menkaure, uniq_eustachio, uniq_robin
D:5:      minmay_clustersquares, layout_basic,
          beargit_hepliaklqana_dungeon_heroes, uniq_edmund, uniq_grinder
Temple:   eino_temple_lava

Skill      XL: |  1  2  3  4  5  6  7  8 |
---------------+-------------------------+-----
Long Blades    | 4 5 6 8 |  8.8
Armour         | 1 2 3 4 5 |  5.0
Fighting       | 3 4 5 |  5.8
Dodging        | 4 5 |  5.7
Stealth        | 1 2 |  2.4
Throwing       | |  2.0

Action                   |  1- 3 |  4- 6 |  7- 9 || total
-------------------------+-------+-------+-------++-------
Melee: Long sword        |    86 |    94 |   105 ||   285
       Headbutt          |    13 |    19 |    34 ||    66
Throw: Throwing net      |       |       |     1 ||     1
  Use: Scroll            |       |     5 |     2 ||     7
       Potion            |       |       |     4 ||     4
 Stab: Sleeping          |     1 |       |       ||     1
       Distracted        |       |       |     2 ||     2
Armor: Leather armour    |    11 |       |       ||    11
       Chain mail        |    21 |    55 |    37 ||   113
Dodge: Dodged            |    53 |    54 |    62 ||   169
       Rpst.: Long sword |    11 |    16 |    18 ||    45
